 Dungeon Crawl Stone Soup version 0.23-a0-79-gaa8cc03 (webtiles) character file.

9 Amnesiac the Gusty (level 2, -1/19 HPs)
             Began as a Mummy Air Elementalist on Aug 11, 2018.
             Slain by a big kobold
             ... wielding a +0 dagger
              (3 damage)
             ... in a sewer.
             The game lasted 00:02:07 (347 turns).

Amnesiac the Gusty (Mummy Air Elementalist)          Turns: 347, Time: 00:02:08

Health: -1/19      AC:  2    Str: 11    XL:     2   Next: 3%
Magic:  2/5        EV: 12    Int: 14    God:
Gold:   18         SH:  0    Dex: 12    Spells: 5/6 levels left

rFire    x . .     SeeInvis .   b - +2 dagger (vamp)
rCold    + . .     Gourm    .   (no shield)
rNeg     + + +     Faith    .   a - +0 robe
rPois    ∞         Spirit   .   (no helmet)
rElec    .         Reflect  .   (no cloak)
rCorr    .         Harm     .   (no gloves)
MR       .....                  (no boots)
Stlth    +.........             (no amulet)
HPRegen  0.06/turn              (no ring)
MPRegen  0.09/turn              (no ring)

@: very slow
A: no food or potions, fire vulnerability, cold resistance 1, negative energy
resistance 3, torment resistance, unbreathing
a: no special abilities


You were in a sewer.
You were not hungry.

You visited 1 branch of the dungeon, and saw 5 of its levels.
You also visited: Sewer.

You collected 18 gold pieces.

Inventory:

Hand Weapons
 b - a +2 vampiric dagger (weapon)
Armour
 a - a +0 robe (worn)


   Skills:
 - Level 1.5 Dodging
 - Level 1.5 Stealth
 + Level 2.8 Spellcasting
 - Level 0.7 Conjurations
 * Level 2.9 Air Magic


You had 5 spell levels left.
You knew the following spells:

 Your Spells              Type           Power        Failure   Level  Hunger
a - Shock                 Conj/Air       #...         11%         1    N/A

Your spell library contained the following spells:

 Spells                   Type           Power        Failure   Level  Hunger
 Lightning Bolt           Conj/Air       #.........   96%         5    N/A
 Swiftness                Chrm/Air       #.......     19%         2    N/A
 Airstrike                Air            ##........   54%         4    N/A
 Static Discharge         Conj/Air       #.......     30%         3    N/A

Dungeon Overview and Level Annotations

Branches:
Dungeon (5/15)
 Temple: D:4-7

Altars:


Innate Abilities, Weirdness & Mutations

You do not eat or drink.
Your flesh is vulnerable to fire.
You are immune to poison.
Your flesh is cold resistant. (rC+)
You are immune to negative energy. (rN+++)
You are immune to unholy pain and torment.
You can survive without breathing.


Message History

The big kobold is lightly wounded.
The big kobold splashes around in the water.
There is an open door here.
You aren't carrying any scrolls.
You enter the shallow water.
Moving in this stuff is going to be slow.
The big kobold splashes around in the water.
The kobold throws a stone.
The stone misses you.
You hear a splash.
You see here a stone.
The big kobold shouts!
Casting: Shock (safe; 11% risk of failure)
Confirm with . or Enter, or press ? or * to list all spells.
Aiming: Shock (safe; 11% risk of failure)
Press: ? - help, Shift-Dir - straight line, f - kobold, p - big kobold
Aim: a kobold, wielding a vampiric dagger The zap hits the kobold.
The kobold is heavily wounded.
The kobold hits you with a vampiric dagger.
The big kobold splashes around in the water.
Casting: Shock (safe; 11% risk of failure)
Confirm with . or Enter, or press ? or * to list all spells.
Aiming: Shock (safe; 11% risk of failure)
Press: ? - help, Shift-Dir - straight line, f/p - kobold
Aim: a kobold, wielding a vampiric dagger (heavily wounded)
The zap hits the kobold.
You kill the kobold!
You hear a splash.
You have reached level 2!
The big kobold hits you.
* * * LOW HITPOINT WARNING * * *
Things that are here:
a vampiric dagger; a kobold corpse
b - a vampiric dagger The big kobold splashes around in the water.
Wield which item (- for none, * to show all)? (? for menu, Esc to quit)
You feel an empty sense of dread.
b - a +2 vampiric dagger (weapon)
The big kobold closely misses you.
You aren't carrying any scrolls.
Unknown command.
You hit the big kobold.
You feel better.
The big kobold is lightly wounded.
The big kobold splashes around in the water.
The big kobold barely misses you.
Your unstable footing causes you to fumble your attack.
The big kobold closely misses you. The big kobold hits you with a dagger.
* * * LOW HITPOINT WARNING * * *
You closely miss the big kobold.
The big kobold is lightly wounded.
The big kobold splashes around in the water. x2
You hit the big kobold.
You feel better.
The big kobold is moderately wounded.
The big kobold splashes around in the water. x2
Your unstable footing causes you to fumble your attack.
The big kobold hits you.
* * * LOW HITPOINT WARNING * * *
The big kobold splashes around in the water.
You aren't carrying any scrolls.
You barely miss the big kobold.
The big kobold is moderately wounded.
The big kobold splashes around in the water.
The big kobold hits you with a dagger.
You die...

.≈ ≈≈≈
≈≈≈#################
≈≈≈≈≈≈≈≈≈≈≈K@K≈≈≈≈≈#
≈≈≈≈≈≈≈≈≈≈≈≈≈≈≈≈(≈≈#
≈≈≈≈≈≈≈≈≈≈≈≈≈≈≈≈≈≈≈#
######≈≈########'###
....≈P≈≈P.#..!.#...#
....≈≈≈≈..K!!∩.#.∩.#
.........KK...!#.∩.#
..........#....#####
........########


You could see 2 big kobolds.

Vanquished Creatures
  2 leopard geckos (D:4)
  A hobgoblin (D:1)
  A ball python (Sewer)
  2 kobolds
  A rat (D:1)
7 creatures vanquished.

Notes
Turn   | Place    | Note
-------+----------+-------------------------------------------
     0 | D:1      | Amnesiac the Mummy Air Elementalist began the quest for the Orb.
     0 | D:1      | Reached XP level 1. HP: 13/13 MP: 4/4
   176 | D:5      | Entered Level 5 of the Dungeon
   176 | D:5      | Noticed an orc wizard
   286 | D:4      | Found a glowing drain.
   290 | Sewer    | Entered a sewer
   314 | Sewer    | Noticed a big kobold
   314 | Sewer    | Noticed a big kobold
   314 | Sewer    | Noticed a big kobold
   338 | Sewer    | Reached XP level 2. HP: 13/19 MP: 1/5
   347 | Sewer    | Slain by a big kobold

Vault maps used:
D:1:      dpeg_arrival_arbitrary_b
D:2:      first_ration, minmay_pentomino_p4
D:3:      nicolae_dithmenos_shadow_blocks, minmay_shallow_snake_nest
D:4:      lemuel_crystal_altar, gup_sewer_entry_bowl
D:5:      cheibrodos_ashenzari_chains, minmay_temple_entry_trees, serial_shops,
          shop
Sewer:    kennysheep_pipe_town

Action                   || total
-------------------------++-------
Melee: Dagger            ||     6
 Cast: Shock             ||    14
  Use: Scroll            ||     1
Armor: Robe              ||     5
Dodge: Dodged            ||    19

Table legend:
 A = Non-vault XP
 B = Vault XP
 C = Vault XP percentage of total XP
 D = Non-vault monster count
 E = Vault monster count
 F = Vault count percentage of total count
 G = Total turns spent on level
                 A         B        C        D         E       F
            +---------+---------+-------+---------+---------+-------
      Total |       4 |       9 |  69.2 |       3 |       4 |  57.1
            +---------+---------+-------+---------+---------+-------
        D:1 |       3 |       0 |   0.0 |       2 |       0 |   0.0
        D:2 |       1 |       0 |   0.0 |       1 |       0 |   0.0
        D:4 |       0 |       6 | 100.0 |       0 |       2 | 100.0
      Sewer |       0 |       3 | 100.0 |       0 |       2 | 100.0
            +---------+---------+-------+---------+---------+-------
